 Dungeon Crawl Stone Soup version 0.29.1-12-g30fa7ad0bf (webtiles) character file.

Game seed: 15517310195925711688

29 hawla the Firebug (level 3, 0/26 HPs)
             Began as a Meteoran Fire Elementalist on Dec 25, 2022.
             Slain by a hound (1 damage)
             ... on level 4 of the Dungeon.
             The game lasted 00:02:23 (487 turns).

hawla the Firebug (Meteoran Fire Elementalist)       Turns: 487, Time: 00:02:24

Health: 0/26       AC:  2    Str:  9    XL:     3   Next: 52%
Magic:  6/8        EV: 12    Int: 19    God:
Gold:   121        SH:  0    Dex: 14    Spells: 5/8 levels left

rFire   . . .      SeeInvis .   (no weapon)
rCold   + . .      Faith    .   (no shield)
rNeg    . . .      Spirit   .   a - +0 robe
rPois   .          Reflect  .   (no helmet)
rElec   .          Harm     .   (no cloak)
rCorr   .          Rampage  .   (no gloves)
Will    .....                   (no boots)
Stlth   +.........              (no amulet)
HPRegen 0.08/turn               e - ring of flight
MPRegen 0.11/turn               f - ring of protection from cold

@: flying, very slightly contaminated, glowing
A: sense surroundings 1, otherworldly, glowing, explore regen
a: no special abilities


You were on level 4 of the Dungeon.
You visited 1 branch of the dungeon, and saw 4 of its levels.

You collected 121 gold pieces.

Inventory:

Armour
 a - a +0 robe (worn)
Jewellery
 e - a ring of flight (left hand)
 f - a ring of protection from cold (right hand)
Scrolls
 c - a scroll of teleportation


   Skills:
 + Level 2.6 Dodging
 - Level 1.4 Stealth
 + Level 3.2 Spellcasting
 + Level 1.3 Conjurations
 + Level 4.5 Fire Magic


You had 5 spell levels left.
You knew the following spells:

 Your Spells              Type           Power      Damage    Failure   Level
a - Foxfire               Conj/Fire      56%        2x1d6     4%          1
b - Scorch                Fire           40%        2d7       3%          2

Your spell library contained the following spells:

 Spells                   Type           Power      Damage    Failure   Level
 Conjure Flame            Conj/Fire      14%        6-21      13%         3
 Inner Flame              Hex/Fire       11%        N/A       19%         3
 Flame Wave               Conj/Fire      14%        2d6       41%         4


Dungeon Overview and Level Annotations

Branches:
Dungeon (4/15) Zot: 1913
 Temple: D:4-7

Altars:


Innate Abilities, Weirdness & Mutations

You passively map a small area around you.
You are easily found by Zot.
You glow in the dark.
You regain HP and MP as you explore.


Message History

The hound is heavily wounded.
Casting: Scorch (safe; 3% risk of failure)
Confirm with . or Enter, or press ? or * to list all spells.
You conjure some foxfire!
The hound bites you. The hound completely misses you.
The orc barely misses you.
Casting: Foxfire (safe; 4% risk of failure)
Confirm with . or Enter, or press ? or * to list all spells.
You miscast Scorch.
You are very lightly contaminated with residual magic.
Nothing appears to happen.
The foxfire hits the hound.
The hound is heavily wounded.
The foxfire hits the orc but does no damage.
The hound bites you. The orc hits you but does no damage.
The orc barely misses you.
Casting: Scorch (safe; 3% risk of failure)
Confirm with . or Enter, or press ? or * to list all spells.
You conjure some foxfire!
The hound is no longer more vulnerable to fire.
The hound completely misses you. The orc barely misses you.
The hound bites you. The orc hits you with a +0 mace.
The orc hits you with a +0 short sword. Magic courses through your body.
The foxfire hits the hound.
The hound is severely wounded.
The foxfire hits the orc but does no damage.
The hound bites you. The orc barely misses you. x2
The orc hits you with a +0 mace.
* * * LOW HITPOINT WARNING * * *
You feel better. The hound barely misses you.
The orc hits you with a +0 falchion.
* * * LOW HITPOINT WARNING * * *
The hound bites you.
* * * LOW HITPOINT WARNING * * *
The orc closely misses you. The orc barely misses you.
Unknown command.
Casting: Foxfire (safe; 4% risk of failure)
Confirm with . or Enter, or press ? or * to list all spells.
Flames lash the orc.
You kill the orc!
The hound bites you.
You die...

, ..<.............#####
*
#......<....#.....#####
*
.#................#.....
*
.............#......####
# *
...............#########
####.., ...............#
#####.. .....
#...........### #......
.### #....So....##
##...... .######
#....h@....#...........
....... ,......o.......#
##...#.# ......S,
..#......(..........##.
#......
...................[ ..,
######.
###...#.$.#......#**#.#
* * #....#..#.....## #.
, * , ....#.##.......#
#. *, ...... ..!.....#
#. ...#.., ... .#. *


You could see a hound, 2 orcs and a ball python.

Vanquished Creatures
  An adder (D:4)
  A dart slug (D:2)
  3 orcs
  2 ball pythons
  2 bats
  2 goblins
  A hobgoblin (D:4)
  A quokka (D:2)
  A kobold (D:2)
  2 rats (D:1)
16 creatures vanquished.

Vanquished Creatures (others)
  35 foxfires
35 creatures vanquished.

Grand Total: 51 creatures vanquished

Notes
Turn   | Place    | Note
-------+----------+-------------------------------------------
     0 | D:1      | hawla the Meteoran Fire Elementalist began the quest for
                  | the Orb.
     0 | D:1      | Reached XP level 1. HP: 14/14 MP: 5/5
   147 | D:2      | Reached skill level 4 in Fire Magic
   147 | D:2      | Reached XP level 2. HP: 20/20 MP: 2/6
   279 | D:2      | Learned a level 2 spell: Scorch
   408 | D:4      | Reached XP level 3. HP: 26/26 MP: 1/8
   486 | D:4      | HP: 1/26 [hound (2)]
   487 | D:4      | Slain by a hound

Illustrated notes

Levels and vault maps discovered:
D:1:      lightli_arrival_noodles, layout_loops_corners
D:2:      layout_loops_corners, uniq_terence
D:3:      layout_loops_cross, nicolae_overflow_hidden_temple,
          overflow_temple_1_default, minmay_misc_feat_rows, uniq_natasha
D:4:      layout_rooms, enter_ossuary_4

Skill      XL: |  1  2 |
---------------+-------+-----
Fire Magic     | 4 |  4.5
Spellcasting   | 3 |  3.2
Dodging        | |  2.6
Stealth        | |  1.4
Conjurations   | |  1.3

Action                   || total
-------------------------++-------
Melee: Unarmed           ||     5
 Cast: Foxfire           ||    19
       Scorch            ||    10
  Use: Scroll            ||     2
       Potion            ||     2
Armor: Robe              ||    12
Dodge: Dodged            ||    26
